 Dungeon Crawl Stone Soup version 0.18.1-8-gdd0e5ea (webtiles) character file.

49 Ordine the Ducker (level 3, 0/26 HPs)
             Began as an Octopode Fighter on May 22, 2016.
             Slain by Natasha (8 damage)
             ... on level 2 of the Dungeon.
             The game lasted 00:10:08 (1795 turns).

Ordine the Ducker (Octopode Fighter)                Turns: 1795, Time: 00:10:09

Health: 0/26       AC:  1    Str: 15    XL:     3   Next: 75%
Magic:  3/3        EV: 14    Int: 10    God:
Gold:   99         SH:  5    Dex: 16    Spells: 0 memorised, 2 levels left

rFire  . . .     SeeInvis .     f - +0 dagger (venom)
rCold  . . .     Gourm    .     x - +0 buckler
rNeg   . . .     Faith    .     (helmet restricted)
rPois  .         Spirit   .     (no amulet)
rElec  .         Dismiss  .     l - +4 ring of dexterity
rCorr  .         Reflect  .     (no ring)
SustAt .         Harm     .     (no ring)
MR     .....                    (no ring)
Stlth  +++.......               (no ring)
                                (no ring)
                                (no ring)
                                (no ring)

@: slowed, very slow, not resistant to hostile enchantments, fairly stealthy
A: almost no armour, amphibious, 8 rings, constrict 8, camouflage 1, gelatinous
body 1
a: no special abilities


You were on level 2 of the Dungeon.
You were not hungry.

You visited 1 branch of the dungeon, and saw 2 of its levels.

You collected 99 gold pieces.

Inventory:

Hand Weapons
 a - a +0 long sword
 f - a +0 dagger of venom (weapon)
Missiles
 w - 2 tomahawks (quivered)
Armour
 b - a +0 shield
 x - a +0 buckler (worn)
Jewellery
 l - a +4 ring of dexterity (left tentacle)
Scrolls
 e - 3 scrolls of identify {unknown}
 j - a scroll of enchant weapon {unknown}
 n - 3 scrolls of remove curse {unknown}
 r - a scroll of teleportation {unknown}
 u - a scroll of recharging {unknown}
 v - a scroll of amnesia {unknown}
Potions
 c - a potion of might
 g - a potion of brilliance
 i - a potion of mutation {unknown}
 k - 2 potions of agility {unknown}
 m - a potion of resistance
 o - a potion of curing
 p - a potion of degeneration {unknown}
 q - a potion of cure mutation {unknown}
Comestibles
 d - a bread ration
 h - 5 meat rations
 s - 6 chunks of flesh
 t - a beef jerky
 z - a slice of pizza


   Skills:
 + Level 3.2 Fighting
 * Level 2.4 Long Blades
 - Level 3.6 Dodging
 - Level 1.1 Stealth
 + Level 3.4 Shields


You had 2 spell levels left.
You didn't know any spells.

Dungeon Overview and Level Annotations

Branches:
Dungeon (2/15)

Altars:
Okawaru

Annotations:
D:2 Natasha


Innate Abilities, Weirdness & Mutations

You cannot wear most types of armour.
You are amphibious.
You can wear up to eight rings at the same time.
You can use your tentacles to constrict eight enemies at once.
Your skin changes colour to match your surroundings (Stealth).
Your rubbery body absorbs attacks (AC +1).


Message History

You see here a jackal corpse.
You butcher the jackal corpse.
s - 6 chunks of flesh (gained 2)
You start resting.
HP restored.
Natasha is too close now for your liking.
An adder comes into view.
Natasha casts a spell at you.
You feel yourself slow down.
Natasha stares at you and mumbles some strange words.
The magic dart hits you!
Natasha stares at you and mumbles some strange words.
You feel as though you will be slow longer.
Natasha barely misses you. Natasha casts a spell at you.
The magic dart hits you!
You hit Natasha but do no damage.
Natasha is poisoned.
You grab Natasha.
You constrict Natasha, but do no damage.
Natasha claws you!
You die...

## .....## S.... ... # #.#.#.#
..... #.# # #.#.#.# #...#
####.#### # #.#.#.# # #...#
#.......# #.....# #.#...# #
#.##[##.# #####.#######.#...#.#
#.##.##.### ..#.................#
#.##......# #.#.#.###..## #.h#
#.#####.#..
......###..####.@######.......###
#.#.##...........#.....########..
#.#.##.##..#.....#.###.# #.#
..#.##.##.......##.# #.# #
###.......##.......###.# ##...
#.##.#..###.......##.# ##...##
#.##.#.>......###.##.####..# #.
#.#....####....##.##.#....# #.
#......# ##.#.##รท##.(....+ #.


You could see Natasha.

Vanquished Creatures
  2 adders (D:2)
  An orc (D:2)
  A giant cockroach (D:1)
  3 goblins (D:1)
  7 hobgoblins
  3 jackals (D:2)
  3 bats (D:2)
  5 giant newts
  A kobold (D:2)
  3 rats
29 creatures vanquished.

Notes
Turn   | Place    | Note
--------------------------------------------------------------
     0 | D:1      | Ordine the Octopode Fighter began the quest for the Orb.
     0 | D:1      | Reached XP level 1. HP: 16/16 MP: 1/1
   564 | D:1      | Reached XP level 2. HP: 14/21 MP: 2/2
  1204 | D:2      | Reached skill level 1 in Stealth
  1204 | D:2      | Reached XP level 3. HP: 23/26 MP: 3/3
  1347 | D:2      | Noticed Natasha
  1708 | D:2      | Found an iron altar of Okawaru.
  1795 | D:2      | Slain by Natasha

Skill      XL: |  1  2 |
---------------+-------+-----
Stealth        | 1 |  1.1
Fighting       | |  3.2
Long Blades    | |  2.4
Dodging        | |  3.6
Shields        | |  3.4

Action                   || total
-------------------------++-------
Melee: Dagger            ||    52
       Long sword        ||     5
       Constrict         ||    19
       Tentacles         ||    11
  Use: Potion            ||     2
 Stab: Sleeping          ||     5
  Eat: Chunk             ||     3
Armor: Skin              ||     3
Dodge: Dodged            ||    18
Block: Shield            ||    13
